 Dungeon Crawl Stone Soup version 0.21.0-3-g78d12a8 (webtiles) character file.

376 mortelune the Conjurer (level 6, -4/51 HPs)
             Began as a Draconian Conjurer on Jan 15, 2018.
             Was an Initiate of Sif Muna.
             Killed from afar by an orc wizard (7 damage)
             ... with a magic dart
             ... on level 5 of the Dungeon.
             The game lasted 00:11:27 (5534 turns).

mortelune the Conjurer (Draconian Conjurer)         Turns: 5534, Time: 00:11:28

Health: -4/51      AC:  6    Str: 10    XL:     6   Next: 44%
Magic:  1/11       EV: 12    Int: 17    God:    Sif Muna [......]
Gold:   222        SH:  3    Dex: 12    Spells: 2/12 levels left

rFire    . . .     SeeInvis .   n - +0 flail
rCold    . . .     Gourm    .   (no shield)
rNeg     . . .     Faith    .   (armour unavailable)
rPois    .         Spirit   .   (helmet restricted)
rElec    .         Reflect  +   (no cloak)
rCorr    .         Harm     .   (no gloves)
MR       .....                  (no boots)
Stlth    ++........             j - +3 amulet of reflection
HPRegen  0.17/turn              (no ring)
MPRegen  0.12/turn              (no ring)

@: no status effects
A: unfitting armour, cold-blooded, AC +6
a: Renounce Religion


You were on level 5 of the Dungeon.
You worshipped Sif Muna.
Sif Muna was noncommittal.
You were very hungry.

You visited 1 branch of the dungeon, and saw 5 of its levels.

You collected 222 gold pieces.

Inventory:

Hand Weapons
 n - a +0 flail (weapon)
 r - a -3 battleaxe
Jewellery
 j - a +3 amulet of reflection (around neck)
 t - an uncursed ring of stealth {unknown}
Scrolls
 b - a scroll of fog {unknown}
 f - a scroll of magic mapping {unknown}
 g - a scroll of teleportation
 h - a scroll of identify
 k - a scroll of blinking {unknown}
 m - a scroll of immolation {unknown}
 o - a scroll of enchant armour
Potions
 c - 2 potions of flight
 d - a potion of mutation {unknown}
 e - a potion of haste {unknown}
 i - 2 potions of curing {unknown}
 l - a potion of might {unknown}
 p - a potion of cancellation {unknown}
 q - 2 potions of brilliance {unknown}
Books
 a - a book of Conjurations

   Spells                             Type                      Level
   a - Magic Dart                     Conjuration                  1
   b - Searing Ray                    Conjuration                  2
   c - Dazzling Spray                 Conjuration/Hexes            3
   d - Fulminant Prism                Conjuration/Hexes            4
   e - Force Lance                    Conjuration/Translocation    4
   f - Iskenderun's Mystic Blast      Conjuration                  4
Comestibles
 s - 3 rations


   Skills:
 + Level 3.4 Fighting
 - Level 1.7 Dodging
 - Level 1.7 Stealth
 + Level 3.5 Spellcasting
 * Level 6.2 Conjurations


You had 2 spell levels left.
You knew the following spells:

 Your Spells              Type           Power        Failure   Level  Hunger
a - Magic Dart            Conj           ###.         1%          1    None
b - Searing Ray           Conj           ###...       1%          2    ##.....
c - Dazzling Spray        Conj/Hex       ##....       14%         3    ###....
d - Iskenderun's Mystic   Conj           ###.....     13%         4    ####...


Dungeon Overview and Level Annotations

Branches:
Dungeon (5/15)
 Temple: D:4-7

Altars:
Elyvilon
Hepliaklqana
Qazlal
Sif Muna
Trog
Uskayaw

Annotations:
D:3 MTVSty1e's ghost, amateur GrGl


Innate Abilities, Weirdness & Mutations

Your plain brown scales are hard. (AC +6)
You cannot fit into any form of body armour.
You are cold-blooded and may be slowed by cold attacks.


Message History

The orc wizard is almost dead.
You block the orc wizard's attack. The orc wizard hits you with a dagger.
* * * LOW HITPOINT WARNING * * *
The orc wizard points at you and mumbles some strange words.
The puff of flame misses you.
The orc wizard begins to cast a cantrip, but forgets the words!
The orc wizard points at you and mumbles some strange words.
The puff of frost hits you!
* * * LOW HITPOINT WARNING * * *
The orc wizard casts a spell at you. The magic dart hits you!
* * * LOW HITPOINT WARNING * * *
The orc wizard gestures wildly while chanting.
The orc wizard flickers and vanishes!
An orc wizard appears from thin air!
Reactivating autopickup.
A magic dart appears from out of thin air!
Deactivating autopickup; reactivate with Ctrl-A.
The magic dart hits you!
You die...

###.#######
######n### .#
#.........####.>....#
.#
#.#.###.........{##.#
## #.#..>..o..##.#
#.#####....##.#
#.##.......##.#
#.##.##.#####.#
#.##.##.# #.#
#.....@.# ...
##.....## #<....#
#.....# #.....#
#.....# #######


You could see an orc wizard.

Vanquished Creatures
  2 ogres (D:4)
  A scorpion (D:4)
  A crimson imp (D:2)
  A hound skeleton (D:4)
  4 adders (D:2)
  2 worms
  A dart slug (D:1)
  3 leopard geckos
  5 orcs
  A ball python (D:2)
  4 giant cockroaches
  4 goblins
  5 hobgoblins
  10 jackals
  4 kobolds
  7 bats
  4 frilled lizards
  7 rats
66 creatures vanquished.

Notes
Turn   | Place    | Note
-------+----------+-------------------------------------------
     0 | D:1      | mortelune the Draconian Conjurer began the quest for the Orb.
     0 | D:1      | Reached XP level 1. HP: 14/14 MP: 3/3
   438 | D:1      | Reached XP level 2. HP: 22/22 MP: 0/5
   442 | D:1      | Learned a level 2 spell: Searing Ray
  1325 | D:2      | Reached skill level 1 in Fighting
  1712 | D:2      | Reached XP level 3. HP: 28/28 MP: 1/6
  1717 | D:2      | Learned a level 3 spell: Dazzling Spray
  1791 | D:2      | Noticed a hand axe
  1792 | D:2      | Noticed a hand axe
  1805 | D:2      | Found a hide-covered altar of Uskayaw.
  2339 | D:2      | Reached XP level 4. HP: 36/36 MP: 4/7
  2572 | D:2      | Found a white marble altar of Elyvilon.
  2690 | D:2      | Reached skill level 5 in Conjurations
  2973 | D:2      | Found a deep blue altar of Sif Muna.
  2981 | D:2      | Became a worshipper of Sif Muna the Loreminder
  3522 | D:3      | Noticed MTVSty1e's ghost (amateur GrGl)
  4211 | D:4      | Reached XP level 5. HP: 42/42 MP: 7/9
  4302 | D:4      | Found a hazy altar of Hepliaklqana.
  4447 | D:4      | Found a bloodstained altar of Trog.
  4494 | D:4      | Noticed an ogre
  4510 | D:4      | Killed an ogre
  4634 | D:4      | Reached XP level 6. HP: 51/51 MP: 2/11
  4640 | D:4      | Learned a level 4 spell: Iskenderun's Mystic Blast
  4910 | D:4      | Reached skill level 6 in Conjurations
  5471 | D:5      | Entered Level 5 of the Dungeon
  5495 | D:5      | Found a stormy altar of Qazlal.
  5534 | D:5      | Killed from afar by an orc wizard

Skill      XL: |  1  2  3  4  5  6 |
---------------+-------------------+-----
Fighting       | 1 2 3 |  3.4
Conjurations   | 5 6 |  6.2
Spellcasting   | 3 |  3.5
Dodging        | |  1.7
Stealth        | |  1.7

Action                   |  1- 3 |  4- 6 || total
-------------------------+-------+-------++-------
Melee: Unarmed           |     3 |       ||     3
       Short sword       |    11 |     4 ||    15
       Tailslap          |     3 |     1 ||     4
       Flail             |       |    14 ||    14
 Cast: Magic Dart        |    56 |    69 ||   125
       Searing Ray       |     7 |    13 ||    20
       Dazzling Spray    |       |     3 ||     3
       Iskenderun's Myst |       |     2 ||     2
  Use: Scroll            |       |     4 ||     4
  Eat: Ration            |     1 |       ||     1
       Chunk             |     2 |    10 ||    12
Armor: Skin              |    11 |    13 ||    24
Dodge: Dodged            |    28 |    23 ||    51
Block: Other             |     4 |     6 ||    10
